 Dungeon Crawl Stone Soup version 0.26-a0-1222-g14533b3512 (webtiles) character file.

Game seed: 8761253373816917980

153 jiml777 the Magician (level 5, -4/28 HPs)
             Began as a Deep Elf Air Elementalist on Jan 1, 2021.
             Killed from afar by an orc wizard (6 damage)
             ... with a magic dart
             ... on level 3 of the Dungeon.
             The game lasted 00:17:40 (2618 turns).

jiml777 the Magician (Deep Elf Air Elementalist)    Turns: 2618, Time: 00:17:41

Health: -4/28      AC:  2    Str:  5    XL:     5   Next: 12%
Magic:  6/13       EV: 13    Int: 21    God:
Gold:   146        SH:  0    Dex: 15    Spells: 7/13 levels left

rFire    . . .     SeeInvis .   h - +0 dagger
rCold    . . .     Faith    .   (no shield)
rNeg     . . .     Spirit   .   a - +0 robe
rPois    .         Reflect  .   (no helmet)
rElec    .         Harm     .   (no cloak)
rCorr    .         Rampage  .   (no gloves)
Will     .....                  (no boots)
Stlth    ++........             (no amulet)
HPRegen  0.09/turn              b - +4 ring of slaying
MPRegen  0.13/turn              (no ring)

@: very slightly contaminated, invisible
A: no striking features
a: no special abilities


You were on level 3 of the Dungeon.
You visited 1 branch of the dungeon, and saw 3 of its levels.

You collected 146 gold pieces.

Inventory:

Hand Weapons
 h - a +0 dagger (weapon)
 m - a +3 halberd
Missiles
 d - 31 arrows
Armour
 a - a +0 robe (worn)
Jewellery
 b - a +4 ring of slaying (left hand)
Scrolls
 c - 3 scrolls of teleportation {unknown}
 e - a scroll of fear {unknown}
 f - a scroll of enchant weapon {unknown}
 k - a scroll of amnesia {unknown}
 l - a scroll of identify
Potions
 i - 2 potions of invisibility


   Skills:
 + Level 3.0 Dodging
 - Level 3.0 Stealth
 + Level 4.6 Spellcasting
 + Level 2.2 Conjurations
 + Level 4.3 Air Magic


You had 7 spell levels left.
You knew the following spells:

 Your Spells              Type           Power        Failure   Level
a - Shock                 Conj/Air       72%          3%          1
b - Swiftness             Air            23%          2%          2
c - Static Discharge      Conj/Air       18%          9%          3

Your spell library contained the following spells:

 Spells                   Type           Power        Failure   Level
 Airstrike                Air            11%          19%         4
 Lightning Bolt           Conj/Air       9%           63%         5


Dungeon Overview and Level Annotations

Branches:
Dungeon (3/15)

Altars:
Ru
Vehumet


Message History

Confirm with . or Enter, or press ? or * to list all spells.
You can't see any susceptible monsters within range! (Use Z to cast anyway.)
Casting: Shock (safe; 3% risk of failure)
Confirm with . or Enter, or press ? or * to list all spells.
Aiming: Shock (safe; 3% risk of failure)
Press: ? - help, Shift-Dir - straight line The zap hits something.
Something hits you.
* * * LOW HITPOINT WARNING * * *
Casting: Shock (safe; 3% risk of failure)
Confirm with . or Enter, or press ? or * to list all spells.
Okay, then.
Casting: Shock (safe; 3% risk of failure)
Confirm with . or Enter, or press ? or * to list all spells.
Aiming: Shock (safe; 3% risk of failure)
Press: ? - help, Shift-Dir - straight line Something hits you.
* * * LOW HITPOINT WARNING * * *
A magic dart appears from out of thin air!
The magic dart hits you.
You die...

...#. # .... ..#.
.... ..#.#####.... .
............# ..
#......#..##### Z..
#......+......#....
#....@.#.#.#......o
#......#.#.#.......
##..........<.......
.........)).##.......
####...{.)..''...#...
.......#...##...# .
########...# ...#
#...# #### #...#


There were no monsters in sight!

Vanquished Creatures
  An orc wizard (D:3)
  3 gnolls (D:2)
  5 adders (D:2)
  An ooze (D:1)
  A worm (D:2)
  2 dart slugs
  An orc (D:3)
  2 goblins
  8 hobgoblins
  3 jackals (D:2)
  4 kobolds
  A quokka (D:2)
  3 bats
  3 frilled lizards
  A rat (D:2)
39 creatures vanquished.

Vanquished Creatures (others)
  A fungus (D:2)
  2 plants (D:2)
3 creatures vanquished.

Grand Total: 42 creatures vanquished

Notes
Turn   | Place    | Note
-------+----------+-------------------------------------------
     0 | D:1      | jiml777 the Deep Elf Air Elementalist began the quest for
                  | the Orb.
     0 | D:1      | Reached XP level 1. HP: 10/10 MP: 6/6
     6 | D:1      | Noticed a snapping turtle
     6 | D:1      | Noticed a water moccasin
     6 | D:1      | Noticed a lindwurm
     6 | D:1      | Noticed a five-headed hydra
   418 | D:1      | Reached XP level 2. HP: 15/15 MP: 2/8
  1161 | D:2      | Found a radiant altar of Vehumet.
  1187 | D:2      | Reached XP level 3. HP: 19/19 MP: 4/9
  1295 | D:2      | Learned a level 2 spell: Swiftness
  1299 | D:2      | Learned a level 3 spell: Static Discharge
  1905 | D:2      | Reached XP level 4. HP: 24/24 MP: 7/11
  2005 | D:2      | Found a sacrificial altar of Ru.
  2607 | D:3      | Reached XP level 5. HP: 11/28 MP: 8/13
  2618 | D:3      | Killed from afar by an orc wizard

Illustrated notes

Levels and vault maps discovered:
D:1:      onia_arrival_zoo_common, layout_loops_ring, minmay_crystal_water
D:2:      layout_basic, nicolae_overflow_crystal_walls,
          nicolae_ru_the_path_less_chosen
D:3:      layout_basic, uniq_natasha

Skill      XL: |  1  2  3  4 |
---------------+-------------+-----
Stealth        | 3 |  3.0
Air Magic      | 4 |  4.3
Spellcasting   | 4 |  4.6
Conjurations   | 2 |  2.2
Dodging        | 3 |  3.0

Action                   |  1- 3 |  4- 6 || total
-------------------------+-------+-------++-------
Melee: Dagger            |       |    15 ||    15
 Cast: Shock             |    63 |    29 ||    92
  Use: Scroll            |     5 |       ||     5
       Potion            |       |     3 ||     3
Armor: Robe              |       |     3 ||     3
Dodge: Dodged            |     8 |     9 ||    17

Table legend: (Time is in decaauts)
 A = Elapsed time spent in this place.
 B = Non-inter-level travel time spent in this place.
 C = Inter-level travel time spent in this place.
 D = Time resting spent in this place.
 E = Time spent auto-exploring this place.
 F = Levels seen in this place.
 G = Mean time per level.
                   A        B        C        D        E       F      G
               +--------+--------+--------+--------+--------+-----+--------+
         Total |   2617 |   2504 |    113 |    881 |   1276 |   3 |  872.3 |
       Dungeon |   2617 |   2504 |    113 |    881 |   1276 |   3 |  872.3 |
               +--------+--------+--------+--------+--------+-----+--------+

Top non-repeatable levels by time:
     D:2: 1593 daAuts
     D:1: 985 daAuts
     D:3: 37 daAuts
